 Dungeon Sprint DCSS version 0.18-a0-1303-g41c131c (webtiles) character file.

37927 Kidiri the Unseen (level 12, -3/64 HPs)
             Began as a Spriggan Enchanter on Feb 12, 2016.
             Was the Champion of Dithmenos.
             Slain by an anaconda (16 damage)
             ... in the Dungeon (Sprint III: "The Ten Rune Challenge").
             The game lasted 00:21:42 (3927 turns).

Kidiri the Unseen (Spriggan Enchanter)              Turns: 3927, Time: 00:21:42

Health: -3/64      AC:  3    Str:  6    XL:     12   Next: 85%
Magic:  17/31      EV: 31    Int: 19    God:    Dithmenos [******]
Gold:   32         SH:  0    Dex: 19    Spells: 10 memorised, 2 levels left

rFire  . . .     SeeInvis +     a - +1 dagger
rCold  . . .     Gourm    .     b - +1 robe
rNeg   . . .     Faith    .     (shield restricted)
rPois  .         Spirit   .     (helmet restricted)
rElec  .         Dismiss  .     (no cloak)
rCorr  .         Reflect  .     (gloves unavailable)
SustAt .         Harm     .     (boots unavailable)
MR     ++...     NoTele   +     (no amulet)
Stlth  +++++++++.               (no ring)
                                (no ring)

@: lethally poisoned (-3 -> -5), very slightly contaminated, wreathed by umbra,
constricted, very quick, very resistant to hostile enchantments, incredibly
stealthy
A: unfitting armour, camouflage 1, see invisible, herbivore 3, speed 3, slow
metabolism 2, strong 1, evolution 1
a: Shadow Step, Shadow Form, Renounce Religion
}: 1/10 runes: decaying


You were in the Dungeon.
You worshipped Dithmenos.
Dithmenos was exalted by your worship.
You were full.

You visited 1 branch You collected 32 gold pieces.

Inventory:

Hand Weapons
 a - a +1 dagger (weapon)
Missiles
 e - 9 throwing nets (quivered)
Armour
 b - a +1 robe (worn)
Wands
 x - a wand of iceblast (9/15)
Scrolls
 k - 3 scrolls of remove curse
 m - a scroll of torment {unknown}
 n - a scroll of enchant armour {unknown}
 r - a scroll of immolation {unknown}
 s - a scroll of identify {unknown}
 t - a scroll of amnesia {unknown}
Potions
 g - a potion of haste
 h - a potion of magic
 i - 2 potions of berserk rage
 p - a potion of cure mutation
 q - 2 potions of flight
 u - a potion of cancellation {unknown}
 w - a potion of might
Books
 c - a book of Maledictions

   Spells                             Type                      Level
   a - Corona                         Hexes                        1
   b - Ensorcelled Hibernation        Hexes/Ice                    2
   c - Confuse                        Hexes                        3
   d - Tukima's Dance                 Hexes                        3
   e - Dazzling Spray                 Conjuration/Hexes            3
 v - a book of Power

   Spells                             Type                      Level
   a - Fulminant Prism                Conjuration/Hexes            4
   b - Iskenderun's Mystic Blast      Conjuration                  4
   c - Venom Bolt                     Conjuration/Poison           5
   d - Bolt of Magma                  Conjuration/Fire/Earth       5
   e - Iron Shot                      Conjuration/Earth            6
   f - Orb of Destruction             Conjuration                  7
   g - Spellforged Servitor           Conjuration/Summoning        7
Comestibles
 d - 2 bread rations
 l - 27 royal jellies
 o - 2 fruits


   Skills:
 + Level 7.7 Fighting
 * Level 13.8 Short Blades
 + Level 7.2 Armour
 * Level 17.3 Dodging
 * Level 18.8 Stealth
 * Level 14.9 Spellcasting
 + Level 6.1 Conjurations
 + Level 11.5 Hexes
 + Level 7.5 Ice Magic
 + Level 5.9 Earth Magic
 + Level 7.7 Poison Magic
 - Level 2.1 Invocations
 + Level 8.4 Evocations


You had 2 spell levels left.
You knew the following spells:

 Your Spells              Type           Power        Failure   Level  Hunger
a - Corona                Hex            ######.      1%          1    None
b - Ensorcelled Hibernat  Hex/Ice        ######       1%          2    None
c - Confuse               Hex            ######..     1%          3    None
d - Tukima's Dance        Hex            ######..     1%          3    None
e - Dazzling Spray        Conj/Hex       #####...     1%          3    None
f - Fulminant Prism       Conj/Hex       #####.....   1%          4    None
g - Iskenderun's Mystic   Conj           #####...     4%          4    None
h - Venom Bolt            Conj/Pois      #####.....   10%         5    ###....
i - Iron Shot             Conj/Erth      #####.....   67%         6    #####..
j - Orb of Destruction    Conj           #####.....   100%        7    ######.


Dungeon Overview and Level Annotations

Branches:
Dungeon (1/1)

Altars:
Cheibriados
Dithmenos
Elyvilon
Fedhas
Gozag
Kikubaaqudgha
Makhleb
Nemelex Xobeh
Okawaru
Pakellas
Qazlal
Ru
Sif Muna
Trog
Vehumet
Xom
Yredelemnul
Zin
The Shining One
Jiyva
Lugonu

Shops:
D :!(


Innate Abilities, Weirdness & Mutations

You are tiny and cannot use many weapons and most armour.
You have supernaturally acute eyesight.
You are a herbivore.
You cover ground extremely quickly.
You need consume almost no food.
Your skin changes colour to match your surroundings (Stealth).
Your muscles are strong. (Str +2)
You evolve.


Message History

You feel sick. The anaconda grabs you. The anaconda barely misses you.
The anaconda constricts you.
Your attempt to break free from the anaconda fails, but you feel that another attempt might succeed.
The anaconda completely misses you.
* * * LOW HITPOINT WARNING * * *
The anaconda constricts you.
Unknown command.
Unknown command.
Read which item? (? for menu, Esc to quit)
Okay, then.
Unknown command.
Unknown command.
Unknown command.
Okay, then.
Unknown command.
Unknown command.
You fail to use your ability.
The anaconda completely misses you.
* * * LOW HITPOINT WARNING * * *
The anaconda constricts you. The anaconda bites you!
You die...

▓.....#.≈≈≈≈≈≈....#.⌠.#__#...
▓...).#.≈≈≈≈≈.....#...#__#...
▓.....#.≈≈≈.......#+###__#...
▓'#####...........#)).#__#...
▓.................#___#__+...
▓▓▓▓▓▓▓▓▓▓▓▓▓▓▓▓▓▓▓▓▓▓▓▓▓▓▓▓▓
+≈≈≈≈≈≈≈≈≈♣♣.....♣♣♣♣≈≈≈
#≈≈≈§§§≈≈≈♣♣.≈≈≈≈+♣♣'♣≈≈
#.≈§§§§@..≈'.....#.≈♣♣♣♣
#≈≈§§§S≈≈≈♣♣♣♣♣♣♣#..♣♣
#≈.≈§≈§≈≈≈♣ ###+♣♣♣
▓##+####'#######♣ ♣♣♣♣.##.
▓..........§§§§§♣♣ ♣...##.#
▓#+#############'♣ ♣♣.##.##
.. #≈...........♣ ♣..#.## ▓.
.+≈≈...########♣♣ ♣♣.##.# ▓
J.#≈≈≈...........♣ ♣♣.##.#


You could see an anaconda.

Vanquished Creatures
  Rupert (D)
  Maud (D)
  2 hydras (D)
  4 anacondas (D)
  Erolcha (D)
  4 death yaks (D)
  3 death drakes (D)
  A spectral hydra (D)
  A spriggan druid (D)
  A lindwurm (D)
  A deep elf mage (D)
  9 black mambas (D)
  2 spiny frogs (D)
  A komodo dragon (D)
  A fire drake (D)
  A queen bee (D)
  3 wandering mushrooms (D)
  2 giant leeches (D)
  8 blink frogs (D)
  2 spriggans (D)
  5 redbacks (D)
  A shadow (D)
  A hill giant (D)
  A spatial vortex (D)
  3 water moccasins (D)
  A swamp drake (D)
  A necrophage (D)
  2 swamp dragon skeletons (D)
  A two-headed ogre (D)
  A water elemental (D)
  31 killer bees (D)
  An electric eel (D)
  A jelly (D)
  Jessica (D)
  A necromancer (D)
  A wizard (D)
  A kobold demonologist (D)
  3 humans (D)
  An adder (D)
  2 oozes (D)
  A phantom (D)
  A rat (D)
  2 plants (D)
113 creatures vanquished.

Vanquished Creatures (collateral kills)
  A hill giant (D)
  2 two-headed ogres (D)
3 creatures vanquished.

Vanquished Creatures (others)
  2 draconian scorchers (D)
  A hydra (D)
  3 yaktaurs (D)
  A killer bee (D)
  2 fulminant prisms (D)
  8 plants (D)
17 creatures vanquished.

Grand Total: 133 creatures vanquished

Notes
Turn   | Place    | Note
--------------------------------------------------------------
     0 | D        | Kidiri the Spriggan Enchanter began the quest for the Orb.
     0 | D        | Reached XP level 1. HP: 9/9 MP: 5/5
     4 | D        | Reached skill level 5 in Stealth
    10 | D        | Reached XP level 2. HP: 12/14 MP: 7/7
    51 | D        | Killed a yaktaur
    60 | D        | Learned a level 2 spell: Ensorcelled Hibernation
    60 | D        | Noticed Jessica
    63 | D        | Killed Jessica
    63 | D        | Reached skill level 1 in Fighting
    63 | D        | Reached skill level 1 in Armour
    63 | D        | Reached skill level 6 in Stealth
    63 | D        | Reached XP level 3. HP: 18/18 MP: 7/9
    71 | D        | Learned a level 3 spell: Confuse
    75 | D        | Learned a level 3 spell: Dazzling Spray
   191 | D        | Reached skill level 5 in Dodging
   191 | D        | Reached skill level 1 in Ice Magic
   274 | D        | Killed a white draconian scorcher
   287 | D        | Killed a white draconian scorcher
   360 | D        | Gained mutation: Your magical capacity is low (-10% MP). [potion of mutation]
   360 | D        | Gained mutation: Your movements are slightly less encumbered by armour (ER -2). [potion of mutation]
   360 | D        | Gained mutation: You are frail (-10% HP). [potion of mutation]
   361 | D        | Lost mutation: Your magical capacity is low (-10% MP). [potion of cure mutation]
   361 | D        | Lost mutation: You are frail (-10% HP). [potion of cure mutation]
   361 | D        | Lost mutation: Your movements are slightly less encumbered by armour (ER -2). [potion of cure mutation]
   362 | D        | Gained mutation: You evolve. [potion of mutation]
   362 | D        | Gained mutation: Your skin changes colour to match your surroundings (Stealth). [potion of mutation]
   431 | D        | Noticed a water elemental
   433 | D        | Killed a water elemental
   433 | D        | Reached skill level 7 in Stealth
   433 | D        | Reached skill level 5 in Spellcasting
   433 | D        | Reached XP level 4. HP: 23/23 MP: 10/12
   453 | D        | Noticed a shadow
   455 | D        | Killed a shadow
   455 | D        | Reached skill level 5 in Short Blades
   455 | D        | Reached skill level 9 in Stealth
   455 | D        | Reached skill level 5 in Hexes
   455 | D        | Reached XP level 5. HP: 27/27 MP: 13/15
   457 | D        | Reached XP level 6. HP: 30/32 MP: 11/16
   462 | D        | Learned a level 3 spell: Tukima's Dance
   496 | D        | Found an oddly glowing altar of Pakellas.
   496 | D        | Found a stormy altar of Qazlal.
   497 | D        | Found a sacrificial altar of Ru.
   497 | D        | Found a burning altar of Makhleb.
   497 | D        | Found a viscous altar of Jiyva.
   497 | D        | Found a shimmering altar of Xom.
   497 | D        | Found a shadowy altar of Dithmenos.
   497 | D        | Found a sparkling altar of Nemelex Xobeh.
   497 | D        | Found a corrupted altar of Lugonu.
   497 | D        | Found an opulent altar of Gozag.
   497 | D        | Noticed a spatial vortex
   499 | D        | Killed a spatial vortex
   499 | D        | Reached skill level 10 in Stealth
   502 | D        | Became a worshipper of Dithmenos the Shadowed
   527 | D        | Found a radiant altar of Vehumet.
   528 | D        | Found a deep blue altar of Sif Muna.
   528 | D        | Found an ancient bone altar of Kikubaaqudgha.
   537 | D        | Reached * piety under Dithmenos
   618 | D        | Found a glowing silver altar of Zin.
   619 | D        | Found a glowing golden altar of the Shining One.
   619 | D        | Found a white marble altar of Elyvilon.
   619 | D        | Noticed a deep elf mage
   621 | D        | Killed a deep elf mage
   621 | D        | Reached skill level 10 in Dodging
   621 | D        | Reached skill level 11 in Stealth
   621 | D        | Reached skill level 1 in Conjurations
   621 | D        | Reached XP level 7. HP: 35/37 MP: 18/20
   629 | D        | Learned a level 4 spell: Fulminant Prism
   634 | D        | Learned a level 4 spell: Iskenderun's Mystic Blast
   642 | D        | Found an iron altar of Okawaru.
   643 | D        | Found a bloodstained altar of Trog.
   643 | D        | Noticed a human
   643 | D        | Noticed a human
   645 | D        | Killed a human
   645 | D        | Reached ** piety under Dithmenos
   646 | D        | Killed a human
   646 | D        | Reached XP level 8. HP: 42/42 MP: 22/22
   661 | D        | Learned a level 5 spell: Venom Bolt
   666 | D        | Found a snail-covered altar of Cheibriados.
   667 | D        | Found a basalt altar of Yredelemnul.
   667 | D        | Found a blossoming altar of Fedhas.
   697 | D        | Reached *** piety under Dithmenos
   699 | D        | Reached skill level 12 in Stealth
   699 | D        | Reached skill level 1 in Poison Magic
   789 | D        | Noticed Erolcha
   798 | D        | Killed Erolcha
   798 | D        | Reached **** piety under Dithmenos
   798 | D        | Reached skill level 13 in Stealth
   798 | D        | Reached skill level 10 in Spellcasting
   798 | D        | Reached XP level 9. HP: 46/46 MP: 17/24
  1107 | D        | Gained mutation: Your muscles are strong. (Str +2) [evolution]
  1256 | D        | Killed a yaktaur
  1295 | D        | Noticed a queen bee
  1309 | D        | Reached ***** piety under Dithmenos
  1503 | D        | Reached skill level 5 in Fighting
  1688 | D        | Reached ****** piety under Dithmenos
  1688 | D        | Reached skill level 14 in Stealth
  1688 | D        | Reached skill level 10 in Short Blades
  1688 | D        | Reached skill level 5 in Ice Magic
  1691 | D        | Killed a queen bee
  1909 | D        | Reached skill level 5 in Armour
  1909 | D        | Reached XP level 10. HP: 51/51 MP: 26/26
  1952 | D        | Learned a level 6 spell: Iron Shot
  2085 | D        | Reached skill level 1 in Evocations
  2088 | D        | Reached skill level 1 in Earth Magic
  2127 | D        | Noticed a spiny frog
  2127 | D        | Noticed a spiny frog
  2130 | D        | Killed a spiny frog
  2132 | D        | Killed a spiny frog
  2149 | D        | Reached skill level 15 in Stealth
  2200 | D        | Noticed a lindwurm
  2205 | D        | Killed a lindwurm
  2222 | D        | Noticed Maud
  2224 | D        | Killed Maud
  2224 | D        | Reached skill level 5 in Poison Magic
  2224 | D        | Reached XP level 11. HP: 56/56 MP: 28/28
  2229 | D        | Noticed a six-headed hydra
  2229 | D        | Noticed a six-headed hydra
  2237 | D        | Killed a six-headed hydra
  2238 | D        | Killed a six-headed hydra
  2238 | D        | Reached skill level 16 in Stealth
  2272 | D        | Noticed a death drake
  2275 | D        | Killed a death drake
  2275 | D        | Reached skill level 15 in Dodging
  2275 | D        | Reached skill level 10 in Hexes
  2275 | D        | Reached skill level 5 in Evocations
  2285 | D        | Found a blossoming altar of Fedhas.
  2285 | D        | Noticed a spriggan druid
  2287 | D        | Killed a spriggan druid
  2323 | D        | Noticed a death drake
  2325 | D        | Killed a death drake
  2329 | D        | Noticed a death drake
  2330 | D        | Found Ruaqiur's Book Emporium.
  2330 | D        | Found Sopumi's Distillery.
  2331 | D        | Killed a death drake
  2331 | D        | Reached skill level 5 in Conjurations
  2336 | D        | Found Luup's Antique Weapon Shoppe.
  2580 | D        | Noticed a four-headed hydra
  2630 | D        | Killed a four-headed hydra
  2773 | D        | Got a decaying rune of Zot
  3098 | D        | Reached skill level 17 in Stealth
  3121 | D        | Noticed Rupert
  3126 | D        | Killed Rupert
  3126 | D        | Reached XP level 12. HP: 62/62 MP: 25/30
  3137 | D        | Learned a level 7 spell: Orb of Destruction
  3153 | D        | Noticed a death yak
  3154 | D        | Noticed a death yak
  3154 | D        | Noticed an azure jelly
  3154 | D        | Noticed a death yak
  3154 | D        | Noticed an azure jelly
  3154 | D        | Noticed a death yak
  3161 | D        | Killed a death yak
  3163 | D        | Killed a death yak
  3309 | D        | Killed a death yak
  3309 | D        | Reached skill level 5 in Earth Magic
  3310 | D        | Killed a death yak
  3310 | D        | Reached skill level 18 in Stealth
  3637 | D        | Noticed an anaconda
  3637 | D        | Noticed an anaconda
  3642 | D        | Killed an anaconda
  3648 | D        | Killed an anaconda
  3716 | D        | Noticed an anaconda
  3721 | D        | Killed an anaconda
  3847 | D        | Noticed an anaconda
  3854 | D        | Killed an anaconda
  3864 | D        | Noticed an anaconda
  3927 | D        | Slain by an anaconda

Vault maps used:
D:        dungeon_sprint_mu

Action                   |  1- 3 |  4- 6 |  7- 9 | 10-12 || total
-------------------------+-------+-------+-------+-------++-------
Melee: Dagger            |    17 |     9 |    89 |   120 ||   235
 Cast: Ensorcelled Hiber |     4 |     1 |    31 |    31 ||    67
       Dazzling Spray    |     3 |     1 |    11 |    17 ||    32
       Confuse           |     1 |     2 |     7 |     2 ||    12
       Tukima's Dance    |       |       |     5 |       ||     5
       Fulminant Prism   |       |       |     1 |     1 ||     2
       Iskenderun's Myst |       |       |     1 |       ||     1
       Venom Bolt        |       |       |       |     8 ||     8
Invok: Shadow Step       |       |       |     1 |    10 ||    11
       Shadow Form       |       |       |       |     2 ||     2
  Use: Potion            |     3 |       |     3 |     1 ||     7
       Scroll            |       |       |       |     1 ||     1
 Stab: Sleeping          |     4 |     5 |    17 |    51 ||    77
       Confused          |     2 |       |     2 |     1 ||     5
       Invisible         |       |     1 |     4 |       ||     5
  Eat: Fruit             |       |       |       |     9 ||     9
